 Dungeon Crawl Stone Soup version 0.22-a0-284-g99d1f74 (webtiles) character file.

87243 mhoghedin the Nimble (level 15, -19/97 HPs)
             Began as a Tengu Air Elementalist on Mar 19, 2018.
             Was a High Priest of Sif Muna.
             Demolished by a white ugly thing (48 damage)
             ... on level 15 of the Dungeon on Mar 20, 2018.
             The game lasted 01:45:18 (35030 turns).

mhoghedin the Nimble (Tengu Air Elementalist)      Turns: 35030, Time: 01:45:18

Health: -19/97     AC:  9    Str:  9    XL:     15   Next: 89%
Magic:  9/28       EV: 26    Int: 35    God:    Sif Muna [*****.]
Gold:   835        SH:  5    Dex: 15    Spells: 4/30 levels left

rFire    + . .     SeeInvis .   a - +2 whip (elec)
rCold    x . .     Gourm    .   Q - +0 buckler
rNeg     + . .     Faith    .   U - +1 robe "Atweron" {rCorr Int+6}
rPois    .         Spirit   .   W - +0 hat
rElec    .         Reflect  .   t - +2 cloak
rCorr    +         Harm     .   p - +1 pair of gloves
MR       ++...                  (boots unavailable)
Stlth    ++........             M - amulet of the acrobat
HPRegen  0.26/turn              L - ring "Koumuivet" {+Fly rF+ rC- rN+ Int+8}
MPRegen  0.21/turn              X - ring of protection from magic {MR+, !d}

@: flying quickly and evasively, divine energy, quick
A: beak, talons 3, able to fly 2
a: Stop Flying, Stop Divine Energy, Channel Magic, Forget Spell, Renounce
Religion


You were on level 15 of the Dungeon.
You worshipped Sif Muna.
Sif Muna was extremely pleased with you.
You were hungry.

You visited 2 branches of the dungeon, and saw 21 of its levels.
You visited the Abyss 1 time.
You visited 1 bazaar.
You also visited: Ice Cave.

You collected 2570 gold pieces.
You spent 1735 gold pieces at shops.

Inventory:

Hand Weapons
 a - a +2 whip of electrocution (weapon)
   (You took it off Pikel on level 7 of the Dungeon)
 b - the +12 hand crossbow "Grim Tooth" {elec, Dex+2}
   (You found it on level 8 of the Dungeon)

   It charges the ammunition it shoots with electricity; occasionally upon a
   hit, such missiles may discharge and cause terrible harm.
   It affects your dexterity (+2).
Missiles
 w - 4 throwing nets {=f, !d}
Armour
 p - a +1 pair of gloves (worn)
   (You found it on level 4 of the Dungeon)
 t - a +2 cloak (worn)
   (You took it off Crazy Yiuf on level 2 of the Dungeon)
 Q - a +0 buckler (worn)
   (You bought it in a shop in a bazaar)
 U - the +1 robe "Atweron" (worn) {rCorr Int+6}
   (You bought it in a shop in a bazaar)

   It affects your intelligence (+6).
   It protects you from acid and corrosion.
 W - a +0 hat (worn)
   (You found it on level 3 of the Abyss)
Jewellery
 n - an uncursed ring of poison resistance {rPois, !d}
   (You found it on level 3 of the Dungeon)
 y - an uncursed ring of protection from cold {rC+, !d}
   (You found it on level 3 of the Abyss)
 E - an uncursed ring of resist corrosion
   (You found it in an ice cave)
 I - an uncursed ring of see invisible {sInv, !d}
   (You found it on level 10 of the Dungeon)
 L - the ring "Koumuivet" (left hand) {+Fly rF+ rC- rN+ Int+8}
   (You found it on level 2 of the Lair of Beasts)

   [ring of protection from fire]

   It affects your intelligence (+8).
   It protects you from fire.
   It makes you vulnerable to cold.
   It protects you from negative energy.
   It lets you fly.
 M - an amulet of the acrobat (around neck)
   (You found it on level 2 of the Lair of Beasts)
 O - an uncursed ring of ice {rC+, rF-}
   (You took it off Fannar on level 2 of the Lair of Beasts)
 S - the ring of the Komodo Dragon {Str+4 Dex+2 Slay+2}
   (You took it off a red devil on level 6 of the Lair of Beasts)

   [ring of slaying]

   It affects your strength (+4).
   It affects your dexterity (+2).
   It affects your accuracy and damage with ranged weapons and melee attacks
   (+2).
 X - a ring of protection from magic (right hand) {MR+, !d}
   (You took it off an orc on level 11 of the Dungeon)
Wands
 h - a wand of digging (14)
   (You found it on level 14 of the Dungeon)
 j - a wand of disintegration (12)
   (You found it on level 8 of the Dungeon)
 N - a wand of iceblast (16)
   (You found it on level 2 of the Lair of Beasts)
 Z - a wand of flame (42)
   (You found it on level 12 of the Dungeon)
Scrolls
 e - 3 scrolls of teleportation
 f - 5 scrolls of fog
 g - 3 scrolls of amnesia
 k - 2 scrolls of holy word {!r}
 q - 5 scrolls of blinking {!r}
 r - 9 scrolls of enchant armour
 s - 2 scrolls of enchant weapon
 u - 4 scrolls of remove curse
 x - 2 scrolls of immolation {!r}
 J - 5 scrolls of fear
Potions
 d - a potion of cancellation
 i - 3 potions of lignification {!q}
 l - 2 potions of resistance
 m - 4 potions of mutation {!q}
 z - 4 potions of brilliance
 A - a potion of berserk rage {!q}
 B - 2 potions of curing
 F - 3 potions of agility
 G - 2 potions of haste
 H - 2 potions of ambrosia
 P - 2 potions of might
 Y - a potion of heal wounds
Miscellaneous
 o - a fan of gales
   (You found it on level 3 of the Lair of Beasts)
 K - a box of beasts
 R - a crystal ball of energy
   (You found it on level 4 of the Lair of Beasts)
 T - a phantom mirror
Comestibles
 c - 31 rations


   Skills:
 - Level 12.9 Fighting
 - Level 4.7(5.6) Maces & Flails
   Level 4.4(5.4) Staves
 - Level 10.0 Crossbows
 - Level 7.9 Armour
 - Level 13.6 Dodging
 - Level 2.0 Stealth
 - Level 4.0 Shields
 + Level 8.4 Spellcasting
 - Level 11.4 Conjurations
 - Level 3.8 Translocations
 - Level 12.0 Air Magic
 - Level 4.0 Invocations


You had 4 spell levels left.
You knew the following spells:

 Your Spells              Type           Power        Failure   Level  Hunger
a - Freezing Cloud        Conj/Ice/Air   ######....   19%         6    #####..
b - Static Discharge      Conj/Air       #######.     1%          3    None
c - Airstrike             Air            #######...   1%          4    None
d - Blink                 Tloc           N/A          1%          2    None
e - Mephitic Cloud        Conj/Pois/Air  ######..     1%          3    None
g - Apportation           Tloc           #####.       1%          1    None
s - Swiftness             Chrm/Air       ######..     1%          2    None
x - Lightning Bolt        Conj/Air       #######...   1%          5    ###....


Dungeon Overview and Level Annotations

Branches:
Dungeon (15/15)            Temple (0/1) D:5            Lair (6/6) D:10
 Shoals (0/4) Lair:3       Spider (0/4) Lair:3        Slime (0/5) Lair:6
    Orc (0/2) D:12         Vaults (0/5) D:14
 Depths: D:15

Altars:
Dithmenos
Makhleb
Nemelex Xobeh
Qazlal
Ru
Sif Muna
Trog
Yredelemnul
Zin
Beogh

Shops:
D:10 !

Portals:
Hell: Lair:6

Annotations:
D:15 Louise
Lair:2 exclusion: oklob plant


Innate Abilities, Weirdness & Mutations

You have a beak for a mouth.
You have claws for feet.
You can fly continuously.


Message History

You kill the slime creature!
Sif Muna accepts your kill.
The cyan ugly thing is engulfed in freezing vapours. x2
The cyan ugly thing closely misses you.
You barely miss the cyan ugly thing.
The cyan ugly thing is engulfed in freezing vapours.
The slime creature is engulfed in freezing vapours.
The cyan ugly thing is engulfed in freezing vapours. x2
You kill the cyan ugly thing!
Sif Muna accepts your kill.
Your Spellcasting skill increases to level 8!
No reachable target in view!
Unknown command.
Unknown command.
The cyan ugly thing is engulfed in freezing vapours.
The slime creature is engulfed in freezing vapours. x2
The cyan ugly thing is engulfed in freezing vapours.
You barely miss the cyan ugly thing.
The cyan ugly thing is engulfed in freezing vapours.
You kill the cyan ugly thing!
Sif Muna accepts your kill.
The slime creature is engulfed in freezing vapours.
You kill the slime creature!
Sif Muna accepts your kill.
The slime creature is engulfed in freezing vapours.
The cyan ugly thing is engulfed in freezing vapours.
You kill the cyan ugly thing!
Sif Muna accepts your kill.
No reachable target in view!
The slime creature is engulfed in freezing vapours. x2
The slime creature is engulfed in freezing vapours.
You kill the slime creature!
Sif Muna accepts your kill.
The white ugly thing is engulfed in freezing vapours.
The slime creature is engulfed in freezing vapours.
A red ugly thing comes into view.
The slime creature is engulfed in freezing vapours.
The white ugly thing is engulfed in freezing vapours.
The red ugly thing is engulfed in freezing vapours.
The red ugly thing moves out of view.
The slime creature is engulfed in freezing vapours.
The white ugly thing is engulfed in freezing vapours.
You barely miss the slime creature.
The red ugly thing gurgles horribly!
You kill the slime creature!
Sif Muna accepts your kill.
The white ugly thing is engulfed in freezing vapours.
The red ugly thing is engulfed in freezing vapours.
You hit the white ugly thing.
You claw the white ugly thing, but do no damage.
The white ugly thing is engulfed in freezing vapours.
The white ugly thing closely misses you.
The red ugly thing is engulfed in freezing vapours.
You hit the white ugly thing. You claw the white ugly thing.
The red ugly thing basks in the mutagenic energy from its kin and changes!
The white ugly thing is engulfed in freezing vapours.
The white ugly thing closely misses you.
You hit the white ugly thing.
Lightning courses through the white ugly thing!
You claw the white ugly thing, but do no damage.
Your peck misses the white ugly thing.
The white ugly thing is engulfed in freezing vapours.
The white ugly thing basks in the mutagenic energy from its kin and changes!
You closely miss the brown ugly thing. You hit the brown ugly thing.
You claw the brown ugly thing, but do no damage.
You closely miss the brown ugly thing.
You claw the brown ugly thing, but do no damage.
Your peck misses the brown ugly thing.
The brown ugly thing is engulfed in freezing vapours.
The brown ugly thing stings you but does no damage.
You barely miss the brown ugly thing. You claw the brown ugly thing.
You peck the brown ugly thing, but do no damage.
The brown ugly thing is engulfed in freezing vapours.
You block the brown ugly thing's attack.
You hit the brown ugly thing.
Lightning courses through the brown ugly thing!
You kill the brown ugly thing!
Sif Muna accepts your kill.
You closely miss the white ugly thing. Your kick misses the white ugly thing.
The white ugly thing is engulfed in freezing vapours.
The white ugly thing bites you! The white ugly thing freezes you!!!
You feel a terrible chill!
You take 53 damage, and have 33/97 hp.
MASSIVE DAMAGE!!
You hear a mighty clap of thunder!
The bolt of lightning misses the white ugly thing.
The bolt of lightning hits the white ugly thing.
The white ugly thing is engulfed in freezing vapours.
The white ugly thing completely misses you.
You now have 14/28 mp.
You miscast Lightning Bolt.
Sif Muna protects you from the effects of your miscast!
You are feeling hungry.
The white ugly thing is engulfed in freezing vapours.
The white ugly thing bites you.
* * * LOW HITPOINT WARNING * * *
The white ugly thing freezes you!!!
You feel a terrible chill!
You die...

#.# Ju #.##u. #..##J
##..#'# ##...# #.#
###§## ### ###.#
###(§### ###.#
.##8#.# ##...#.u###
##..##
......###...####@.###
##..## ......##...##
###..######..##
......#..###
###...##..## #...##
###....## #####..##
###.## ......## #..##
.#..### #...## ...##
#....### ..## ..
#......#


You could see a white ugly thing.

Vanquished Creatures
  A dire elephant (Lair:6)
  Josephine (D:14)
  Fannar (Lair:2)
  2 ice dragons (IceCv)
  8 vault guards (D:14)
  A centaur warrior (D:14)
  A catoblepas (Lair:3)
  9 hydras
  A dancing weapon (Abyss:3)
  A tengu warrior (D:14)
  3 two-headed ogres
  Nergalle (Lair:2)
  A sixfirhy (Lair:6)
  An unseen horror (D:12)
  8 skeletal warriors (D:14)
  Pikel (D:7)
  A glowing orange brain (D:15)
  A wizard (Lair:6)
  2 deep elf magi
  2 cyclopes (D:15)
  A merfolk siren (Lair:3)
  10 ugly things
  Joseph (D:7)
  A gargoyle (D:13)
  2 black mambas
  10 elephants
  3 orange demons (Lair:6)
  A smoke demon (Lair:6)
  9 spiny frogs
  8 rime drakes
  9 komodo dragons
  3 ice devils
  A red devil (Lair:6)
  A troll (D:14)
  A queen bee (Lair:2)
  2 polar bears
  2 hornets
  A harpy skeleton (D:13)
  17 slime creatures
  18 hippogriffs
  A blink frog (shapeshifter) (D:12)
  15 blink frogs
  5 dream sheep (Lair:6)
  A raiju (Abyss:3)
  A centaur simulacrum (D:14)
  A redback (Lair:3)
  A water elemental (D:12)
  53 yaks
  A vampire (D:11)
  3 wraiths (D:11)
  5 wyverns
  A basilisk (Lair:3)
  A human (D:8)
  3 fire bats (D:8)
  4 hogs (D:8)
  4 steam dragons
  A hungry ghost (D:8)
  10 vampire mosquitoes
  A neqoxec (Abyss:3)
  2 insubstantial wisps (D:10)
  15 water moccasins
  An acid dragon (D:11)
  6 hell hounds
  10 porcupines
  11 orc warriors
  7 black bears
  5 sky beasts
  A hornet zombie (D:11)
  A slave (D:7)
  19 ice beasts
  A phantom (D:13)
  4 wolves
  4 ogres
  2 centaurs
  15 crocodiles
  13 bullfrogs
  A wyvern skeleton (D:14)
  29 killer bees
  9 scorpions
  12 wights
  5 howler monkeys
  4 electric eels
  7 crimson imps
  3 bullfrog zombies
  2 lava snakes (D:8)
  4 centaur zombies
  Crazy Yiuf (D:2)
  5 bullfrog skeletons
  5 hounds
  A quasit (D:6)
  12 orc priests
  A wyvern simulacrum (D:14)
  7 jellies
  3 centaur skeletons
  8 iguanas
  22 orc wizards
  19 worker ants
  A hound zombie (D:3)
  2 hound skeletons (D:5)
  A worker ant zombie (D:9)
  A howler monkey skeleton (D:11)
  A howler monkey zombie (D:8)
  4 gnolls (D:6)
  10 adders
  5 shadow imps
  4 white imps (D:14)
  2 ufetubi (D:14)
  7 oozes
  An adder skeleton (D:6)
  A worm (D:3)
  2 dart slugs
  5 leopard geckos
  87 orcs
  5 bats
  3 giant cockroaches
  11 goblins
  2 hobgoblins
  8 jackals
  4 kobolds
  4 quokkas
  2 ball pythons
  3 frilled lizards
  A leopard gecko skeleton (D:4)
  2 leopard gecko zombies
  A quokka zombie (D:5)
  6 rats
  A spectral orc (D:5)
  2 fire vortices (D:8)
  2 plants
728 creatures vanquished.

Vanquished Creatures (others)
  A killer bee (Lair:2)
  2 orcs (D:12)
  A fire vortex (D:8)
  58 fungi
  55 plants
  10 starspawn tentacles (Abyss:3)
127 creatures vanquished.

Grand Total: 855 creatures vanquished

Notes
Turn   | Place    | Note
-------+----------+-------------------------------------------
     0 | D:1      | mhoghedin the Tengu Air Elementalist began the quest for the Orb.
     0 | D:1      | Reached XP level 1. HP: 10/10 MP: 4/4
   172 | D:1      | Reached skill level 1 in Fighting
   172 | D:1      | Reached skill level 1 in Maces & Flails
   172 | D:1      | Reached XP level 2. HP: 15/16 MP: 6/6
   891 | D:2      | Learned a level 2 spell: Swiftness
   900 | D:2      | Reached XP level 3. HP: 16/21 MP: 0/7
  1130 | D:2      | Found a runed door.
  1204 | D:2      | Reached skill level 2 in Maces & Flails
  1216 | D:2      | Learned a level 3 spell: Static Discharge
  1531 | D:2      | Reached skill level 2 in Fighting
  1739 | D:2      | Noticed Crazy Yiuf
  1751 | D:2      | Killed Crazy Yiuf
  1751 | D:2      | Reached XP level 4. HP: 27/27 MP: 0/8
  2193 | D:3      | Reached skill level 1 in Staves
  2379 | D:3      | Reached skill level 3 in Fighting
  2379 | D:3      | Gained mutation: You can fly. [Tengu growth]
  2379 | D:3      | Reached XP level 5. HP: 31/32 MP: 5/9
  2489 | D:3      | Reached skill level 2 in Staves
  2804 | D:3      | Reached skill level 2 in Conjurations
  2851 | D:3      | Found a bloodstained altar of Trog.
  3101 | D:4      | Noticed a water elemental
  3104 | D:4      | Reached XP level 6. HP: 30/37 MP: 10/10
  3108 | D:4      | Found a stormy altar of Qazlal.
  3168 | D:4      | Reached skill level 3 in Conjurations
  3242 | D:4      | Reached skill level 5 in Air Magic
  3263 | D:4      | Reached skill level 4 in Conjurations
  3324 | D:4      | Found a deep blue altar of Sif Muna.
  3325 | D:4      | Found a stormy altar of Qazlal.
  3329 | D:4      | Became a worshipper of Sif Muna the Loreminder
  3489 | D:4      | Noticed an air elemental
  3492 | D:4      | Noticed a fire elemental
  3509 | D:5      | Entered Level 5 of the Dungeon
  3539 | D:5      | Reached XP level 7. HP: 33/41 MP: 11/11
  3582 | D:5      | Reached skill level 6 in Air Magic
  3696 | D:5      | Reached skill level 5 in Conjurations
  3774 | D:5      | Found a staircase to the Ecumenical Temple.
  4174 | D:5      | Found a basalt altar of Yredelemnul.
  4259 | D:5      | Reached skill level 7 in Air Magic
  4297 | D:5      | Reached skill level 6 in Conjurations
  4342 | D:5      | Reached * piety under Sif Muna
  4612 | D:5      | Reached XP level 8. HP: 44/46 MP: 6/12
  4762 | D:5      | Learned a level 4 spell: Airstrike
  4790 | D:6      | Found a glowing silver altar of Zin.
  4939 | D:6      | Reached skill level 7 in Conjurations
  4939 | D:6      | Reached skill level 8 in Air Magic
  5426 | D:6      | Reached skill level 1 in Armour
  5431 | D:6      | Reached skill level 3 in Staves
  5625 | D:6      | Reached skill level 3 in Dodging
  5711 | D:6      | Reached skill level 4 in Fighting
  5763 | D:6      | Reached skill level 2 in Armour
  5812 | D:6      | Found a sparkling altar of Nemelex Xobeh.
  5915 | D:7      | Noticed Joseph
  5923 | D:7      | Reached XP level 9. HP: 34/52 MP: 2/13
  5927 | D:7      | HP: 17/78 [Joseph/sling bullet (8)]
  5929 | D:7      | HP: 4/78 [Joseph/sling bullet (8)]
  5931 | D:7      | Killed Joseph
  5931 | D:7      | Reached skill level 4 in Staves
  5931 | D:7      | Reached skill level 3 in Armour
  5931 | D:7      | Reached skill level 4 in Dodging
  6346 | D:7      | Noticed Pikel
  6352 | D:7      | Reached ** piety under Sif Muna
  6352 | D:7      | Reached skill level 8 in Conjurations
  6352 | D:7      | Reached skill level 9 in Air Magic
  6377 | D:7      | Killed Pikel
  6377 | D:7      | Reached skill level 3 in Spellcasting
  6673 | D:7      | Learned a level 5 spell: Lightning Bolt
  6798 | D:7      | Reached skill level 9 in Conjurations
  7163 | D:8      | Reached skill level 4 in Spellcasting
  7163 | D:8      | Reached skill level 10 in Air Magic
  7163 | D:8      | Reached XP level 10. HP: 47/58 MP: 15/17
  7266 | D:8      | Reached *** piety under Sif Muna
  7780 | D:8      | Got a heavily runed plate armour
  7791 | D:8      | Identified the +10 plate armour "Uvvuuts" {rPois} (You found it on level 8 of the Dungeon)
  7942 | D:8      | Learned a level 2 spell: Blink
  8017 | D:8      | Reached skill level 10 in Conjurations
  8026 | D:8      | Reached skill level 5 in Spellcasting
  8211 | D:8      | Got an ancient hand crossbow
  8212 | D:8      | Identified the +12 hand crossbow "Grim Tooth" {elec, Dex+2} (You found it on level 8 of the Dungeon)
  8475 | D:8      | Got a shimmering short sword
  8476 | D:8      | Identified the +9 short sword "Plojy" {flame, +Rage Int+2 Dex+5 Stlth-} (You found it on level 8 of the Dungeon)
  8513 | D:8      | Reached skill level 2 in Crossbows
  8626 | D:8      | Reached skill level 3 in Crossbows
  8712 | D:8      | Reached skill level 4 in Crossbows
  8818 | D:8      | Reached skill level 5 in Crossbows
  9289 | D:9      | Noticed a two-headed ogre
  9289 | D:9      | Reached skill level 5 in Fighting
  9419 | D:9      | Reached skill level 5 in Dodging
  9423 | D:9      | Reached XP level 11. HP: 44/64 MP: 0/19
  9659 | D:9      | Found a shadowy altar of Dithmenos.
  9680 | D:9      | Killed a two-headed ogre
  9680 | D:9      | Reached skill level 6 in Fighting
  9680 | D:9      | Reached skill level 6 in Dodging
 10004 | D:9      | Reached skill level 6 in Crossbows
 10162 | D:10     | Entered Level 10 of the Dungeon
 10192 | D:10     | Found a stormy altar of Qazlal.
 10284 | D:10     | Learned a level 3 spell: Mephitic Cloud
 10341 | D:10     | Reached skill level 7 in Fighting
 10362 | D:10     | Reached skill level 7 in Dodging
 10429 | D:10     | Noticed a two-headed ogre
 10438 | D:10     | Killed a two-headed ogre
 10609 | D:10     | Found a staircase to the Lair.
 10739 | D:10     | Reached skill level 8 in Dodging
 10742 | D:10     | Reached skill level 8 in Fighting
 11054 | D:10     | Reached **** piety under Sif Muna
 11079 | D:10     | Reached skill level 1 in Invocations
 11460 | D:10     | Found Fugel's Distillery.
 11543 | Lair:1   | Entered Level 1 of the Lair of Beasts
 11545 | Lair:1   | Noticed an eight-headed hydra
 11568 | Lair:1   | HP: 16/68 [blink frog (6)]
 11573 | Lair:1   | Reached skill level 1 in Translocations
 11980 | D:10     | Killed an eight-headed hydra
 11980 | D:10     | Reached skill level 2 in Invocations
 12194 | Lair:1   | Reached skill level 2 in Translocations
 12327 | Lair:1   | Reached XP level 12. HP: 71/74 MP: 7/20
 12327 | Lair:1   | Reached skill level 3 in Invocations
 12344 | Lair:1   | Reached skill level 3 in Translocations
 12611 | Lair:1   | Reached skill level 4 in Invocations
 12804 | Lair:1   | Found a sacrificial altar of Ru.
 13132 | Lair:2   | Noticed Nergalle
 13167 | Lair:2   | Killed Nergalle
 13167 | Lair:2   | Reached skill level 11 in Air Magic
 13198 | Lair:2   | HP: 17/74 [/static electricity (3)]
 13563 | Lair:2   | Reached skill level 3 in Maces & Flails
 13585 | Lair:2   | HP: 13/75 [rime drake/flash freeze (11)]
 13657 | Lair:1   | HP: 17/75 [/static electricity (3)]
 13663 | Lair:1   | HP: 14/75 [hippogriff (4)]
 14303 | Lair:2   | Reached skill level 4 in Maces & Flails
 14451 | Lair:2   | Reached skill level 9 in Dodging
 14597 | Lair:2   | Reached skill level 9 in Fighting
 15014 | Lair:2   | Got a pitted bone ring
 15018 | Lair:2   | Identified the ring "Koumuivet" {+Fly rF+ rC- rN+ Int+8} (You found it on level 2 of the Lair of Beasts)
 15592 | Lair:2   | Reached XP level 13. HP: 64/80 MP: 21/21
 15739 | Lair:2   | Noticed Fannar
 15762 | Lair:2   | Killed Fannar
 15762 | Lair:2   | Reached skill level 7 in Crossbows
 15762 | Lair:2   | Reached skill level 10 in Dodging
 16306 | Lair:3   | Found a staircase to the Shoals.
 16449 | Lair:3   | Reached ***** piety under Sif Muna
 16495 | Lair:3   | Reached skill level 10 in Fighting
 16512 | Lair:3   | HP: 18/82 [blink frog (13)]
 17760 | Lair:3   | Found a hole to the Spider Nest.
 17768 | Lair:3   | Reached skill level 11 in Dodging
 18676 | Lair:4   | Identified Ahadgh's Incunabulum of the Volcanoes and Lightness (Sif Muna gifted it to you on level 4 of the Lair of Beasts)
 18676 | Lair:4   | Received a gift from Sif Muna
 19599 | Lair:4   | Reached skill level 11 in Fighting
 20948 | Lair:6   | Entered Level 6 of the Lair of Beasts
 21172 | Lair:5   | Reached skill level 12 in Dodging
 21874 | Lair:6   | Gained mutation: You can fly continuously. [Tengu growth]
 21874 | Lair:6   | Reached XP level 14. HP: 72/90 MP: 19/22
 21885 | Lair:6   | Reached skill level 8 in Crossbows
 22091 | Lair:6   | Reached skill level 4 in Armour
 22389 | Lair:6   | Found a staircase to the Slime Pits.
 22642 | Lair:6   | Found a shadowy altar of Dithmenos.
 22724 | Lair:6   | Reached skill level 5 in Armour
 22735 | Lair:6   | Reached skill level 12 in Fighting
 22781 | Lair:6   | Noticed a dire elephant
 22798 | Lair:6   | Killed a dire elephant
 22929 | Lair:6   | Cast into level 3 of the Abyss (a wizard)
 23003 | Abyss:3  | Noticed a tentacled starspawn
 23013 | Abyss:3  | Noticed a lich
 23017 | Abyss:3  | Noticed a Hell Sentinel
 23111 | Abyss:3  | Noticed a tentacled starspawn
 23292 | Abyss:3  | Found a basalt altar of Yredelemnul.
 23400 | Abyss:3  | Noticed a starcursed mass
 23425 | Abyss:3  | Learned a level 1 spell: Apportation
 23426 | Abyss:3  | Noticed a cyan very ugly thing
 23474 | Abyss:3  | Noticed a starcursed mass
 23474 | Abyss:3  | Noticed a tentacled starspawn
 23568 | Abyss:3  | Noticed a tentacled starspawn
 23568 | Abyss:3  | Noticed a tentacled starspawn
 23575 | Abyss:3  | Noticed a tentacled starspawn
 23582 | Lair:6   | Escaped the Abyss
 23979 | Lair:6   | Found a burning altar of Makhleb.
 23989 | Lair:6   | Reached skill level 9 in Crossbows
 24459 | Lair:6   | Got a faintly glowing iron ring
 24465 | Lair:6   | Found a gateway to Hell.
 24783 | D:11     | Identified the ring of the Komodo Dragon {Str+4 Dex+2 Slay+2} (You took it off a red devil on level 6 of the Lair of Beasts)
 24807 | D:11     | Reached skill level 11 in Conjurations
 25079 | D:11     | Found a roughly hewn altar of Beogh.
 25611 | D:11     | Reached skill level 12 in Air Magic
 26136 | D:12     | Reached skill level 6 in Armour
 26329 | D:12     | Reached skill level 13 in Dodging
 27826 | D:12     | HP: 22/92 [slime creature (8)]
 27830 | D:12     | Reached XP level 15. HP: 21/97 MP: 0/24
 28306 | D:12     | HP: 15/97 [white ugly thing (45)]
 28642 | D:12     | Found a staircase to the Orcish Mines.
 28786 | D:13     | Found a flickering gateway to a bazaar.
 28810 | Bazaar   | Entered a bazaar
 28810 | Bazaar   | Found Murin's Gadget Emporium.
 28810 | Bazaar   | Found Doloix's Gadget Shoppe.
 28810 | Bazaar   | Found Aruxics's Assorted Antiques.
 28812 | Bazaar   | Found Soegutab's Armour Shoppe.
 28829 | Bazaar   | Bought a small soapstone amulet for 140 gold pieces
 28852 | Bazaar   | Bought 3 scrolls of blinking for 630 gold pieces
 28855 | Bazaar   | Bought the +1 robe "Atweron" {rCorr Int+6} for 525 gold pieces
 28855 | Bazaar   | Bought a +0 buckler for 76 gold pieces
 28892 | Bazaar   | Bought a scroll of teleportation for 84 gold pieces
 28892 | Bazaar   | Bought a potion of haste for 280 gold pieces
 29628 | D:14     | Reached skill level 1 in Shields
 29692 | D:13     | HP: 17/97 [vampire mosquito (8)]
 29701 | D:13     | Reached skill level 7 in Armour
 30018 | D:14     | Found a frozen archway.
 30065 | IceCv    | Entered an ice cave
 30244 | IceCv    | Reached skill level 2 in Shields
 30415 | IceCv    | Reached skill level 10 in Crossbows
 31629 | D:14     | Found a gate to the Vaults.
 31684 | D:14     | Reached skill level 3 in Shields
 31939 | D:14     | Noticed Josephine
 31954 | D:14     | Killed Josephine
 32084 | D:14     | HP: 19/97 [vault guard/war axe of venom (16)]
 32089 | D:14     | HP: 13/97 [poisoned by a vault guard]
 32094 | D:14     | HP: 10/97 [poisoned by a vault guard]
 32099 | D:14     | HP: 7/97 [poisoned by a vault guard]
 32105 | D:14     | HP: 5/97 [poisoned by a vault guard]
 32111 | D:14     | HP: 5/97 [poisoned by a vault guard]
 32119 | D:14     | HP: 5/97 [poisoned by a vault guard]
 32865 | D:14     | Reached skill level 4 in Shields
 33051 | D:14     | Reached skill level 6 in Spellcasting
 33317 | D:14     | Learned a level 6 spell: Freezing Cloud
 33631 | D:14     | Reached skill level 7 in Spellcasting
 34348 | D:15     | Entered Level 15 of the Dungeon
 34618 | D:15     | Noticed Louise
 34658 | D:14     | Identified Sif Muna's Disquisition on Ghastly Combat Magic (Sif Muna gifted it to you on level 14 of the Dungeon)
 34658 | D:14     | Received a gift from Sif Muna
 34662 | D:14     | Upgraded the game from 0.22-a0-283-g1871b15 to 0.22-a0-284-g99d1f74
 35011 | D:15     | Reached skill level 8 in Spellcasting
 35030 | D:15     | Demolished by a white ugly thing

Vault maps used:
D:1:      moated_graveyard_arrival
D:2:      kennysheep_the_goblin_king, uniq_crazy_yiuf_cottage
D:3:      nicolae_overflow_crystal_walls, kennysheep_nondescript
D:4:      grunt_temple_overflow_open, first_ration,
          nicolae_qazlal_style_of_elements
D:5:      yredelemnul_forgotten_temple_becter, minmay_temple_entry_statues,
          grunt_ministairs_9
D:6:      lemuel_coloured_pillars_altar, basic_altar
D:7:      uniq_pikel, uniq_joseph
D:8:      grunt_livestock, grunt_ministairs_9, hangedman_incinerator
D:9:      kennysheep_mini, serial_glass, glass_columns_b, glass_columns_b,
          st_stairs_9
D:10:     due_lair_maze_entry_diamond, basic_altar, serial_shops,
          kennysheep_little_box, hangedman_misty_isle
D:11:     special_room, uniq_josephine
D:12:     erik_orc_2
D:13:     serial_shops, bzr_entry_lakeside, minmay_misc_feat_plants
D:14:     erik_vaults_2, minmay_misc_feat_rugged, serial_ice, serial_ice_d,
          serial_ice_h, serial_ice_j, serial_ice_m,
          portal_ice_cave_demonic_guard
D:15:     gammafunk_enter_depths_forms, corexii_hall_statues_u, uniq_louise
Lair:1:   basic_altar, lab_entry_generic
Lair:2:   regret_index_wax_grids, grunt_megastairs_5, infiniplex_staircase_pool,
          minmay_lair_oklob_chamber, lemuel_fruit_tree, uniq_nergalle,
          uniq_fannar
Lair:3:   beast_lair_carwin_large_3, minmay_shoals_entry_lonely_mermaid,
          spider_nest_entry_rubble
Lair:4:   grunt_megastairs_2
Lair:5:   beast_lair_carwin_9
Lair:6:   evil_forest, nicolae_slime_entry_slimehenge, basic_altar
Abyss:3:  evilmike_abyss_exit_smiterflies
Bazaar:   bazaar_general_marketplace
IceCv:    ice_cave_small_dragons

Skill      XL: |  1  2  3  4  5  6  7  8  9 10 11 12 13 14 15 |
---------------+----------------------------------------------+-----
Fighting       | 1 2 3 4 5 8 9 11 12 | 12.9
Maces & Flails | 1 2 4 |  4.7
Staves         | 1 2 3 4 |  4.4
Conjurations   | 2 4 6 7 9 10 11 | 11.4
Air Magic      | 5 7 8 10 11 12 | 12.0
Armour         | 2 3 6 7 |  7.9
Dodging        | 3 4 5 8 9 12 13 | 13.6
Spellcasting   | 4 5 8 |  8.4
Crossbows      | 5 6 7 9 10 | 10.0
Invocations    | 2 4 |  4.0
Translocations | 2 3 |  3.8
Shields        | 4 |  4.0
Stealth        | |  2.0

Action                   |  1- 3 |  4- 6 |  7- 9 | 10-12 | 13-15 || total
-------------------------+-------+-------+-------+-------+-------++-------
Melee: Mace              |    66 |       |       |       |       ||    66
       Kick              |    10 |    14 |    39 |    42 |   153 ||   258
       Peck              |     9 |    10 |    34 |    33 |    89 ||   175
       Quarterstaff      |       |   109 |   208 |       |   141 ||   458
       Whip              |       |       |    13 |   172 |   350 ||   535
       Short sword       |       |       |       |    14 |       ||    14
 Fire: Hand crossbow     |       |       |       |   281 |   396 ||   677
 Cast: Shock             |    18 |    10 |    48 |    16 |     9 ||   101
       Static Discharge  |       |       |     8 |   128 |   197 ||   333
       Swiftness         |       |       |     1 |     2 |     1 ||     4
       Airstrike         |       |       |     2 |       |    17 ||    19
       Lightning Bolt    |       |       |       |    12 |    78 ||    90
       Mephitic Cloud    |       |       |       |     8 |    21 ||    29
       Blink             |       |       |       |     2 |    11 ||    13
       Freezing Cloud    |       |       |       |       |     2 ||     2
Invok: Divine Energy     |       |       |     1 |       |       ||     1
       Channel Magic     |       |       |       |       |     2 ||     2
 Abil: Fly               |       |       |       |       |     1 ||     1
Evoke: Wand              |       |       |     9 |     1 |    23 ||    33
       Box of beasts     |       |       |       |       |     1 ||     1
  Use: Scroll            |     5 |     6 |    11 |     6 |    23 ||    51
       Potion            |       |       |     3 |     3 |     6 ||    12
 Stab: Sleeping          |     3 |     3 |     1 |       |     4 ||    11
       Petrifying        |       |       |     3 |       |       ||     3
       Confused          |       |       |     2 |     1 |     8 ||    11
       Paralysed         |       |       |     1 |       |       ||     1
       Distracted        |       |       |       |       |     1 ||     1
  Eat: Ration            |     1 |       |     2 |     6 |    15 ||    24
       Chunk             |       |     5 |    10 |    15 |    32 ||    62
Armor: Robe              |    12 |    15 |       |       |    33 ||    60
       Ring mail         |       |    32 |   114 |   158 |   150 ||   454
       Skin              |       |       |    33 |       |       ||    33
Dodge: Dodged            |    49 |    56 |   160 |   405 |   873 ||  1543
Block: Buckler           |       |       |       |       |    55 ||    55

Table legend:
 A = Spawn XP
 B = Non-spawn XP
 C = Spawn XP percentage of total XP
 D = Spawn monster count
 E = Non-spawn monster count
 F = Spawn count percentage of total count
 G = Total turns spent on level
                    A         B        C        D         E        F      G
               +---------+---------+-------+---------+---------+-------+---------
         Total |     173 |  124460 |   0.1 |       1 |     722 |   0.1 | 35030
               +---------+---------+-------+---------+---------+-------+---------
           D:1 |       0 |      23 |   0.0 |       0 |      13 |   0.0 |   818
           D:2 |       0 |      81 |   0.0 |       0 |      15 |   0.0 |  1037
           D:3 |       0 |     209 |   0.0 |       0 |      38 |   0.0 |  1193
           D:4 |       0 |     259 |   0.0 |       0 |       9 |   0.0 |   642
           D:5 |       0 |     666 |   0.0 |       0 |      25 |   0.0 |  1262
           D:6 |       0 |     967 |   0.0 |       0 |      31 |   0.0 |  1028
           D:7 |       0 |    2207 |   0.0 |       0 |      29 |   0.0 |  1507
           D:8 |       0 |    4045 |   0.0 |       0 |      41 |   0.0 |  1918
           D:9 |       0 |    2561 |   0.0 |       0 |      43 |   0.0 |   982
          D:10 |       0 |    6608 |   0.0 |       0 |      44 |   0.0 |  1781
          D:11 |       0 |    6725 |   0.0 |       0 |      55 |   0.0 |  1817
          D:12 |       0 |    7976 |   0.0 |       0 |      49 |   0.0 |  2179
          D:13 |       0 |    3080 |   0.0 |       0 |      20 |   0.0 |  1149
          D:14 |       0 |   23573 |   0.0 |       0 |      62 |   0.0 |  3615
          D:15 |       0 |    6142 |   0.0 |       0 |      16 |   0.0 |   630
        Lair:1 |       0 |    3797 |   0.0 |       0 |      16 |   0.0 |  1376
        Lair:2 |       0 |   11900 |   0.0 |       0 |      57 |   0.0 |  2421
        Lair:3 |       0 |   10088 |   0.0 |       0 |      39 |   0.0 |  2808
        Lair:4 |       0 |    4009 |   0.0 |       0 |      17 |   0.0 |  1347
        Lair:5 |       0 |    5675 |   0.0 |       0 |      20 |   0.0 |  1750
        Lair:6 |       0 |   18224 |   0.0 |       0 |      63 |   0.0 |  2172
       Abyss:3 |     173 |    1149 |  13.1 |       1 |       2 |  33.3 |   653
         IceCv |       0 |    4496 |   0.0 |       0 |      18 |   0.0 |   840
               +---------+---------+-------+---------+---------+-------+---------

Vault maps used:
D:1:      moated_graveyard_arrival
D:2:      kennysheep_the_goblin_king, uniq_crazy_yiuf_cottage
D:3:      nicolae_overflow_crystal_walls, kennysheep_nondescript
D:4:      grunt_temple_overflow_open, first_ration,
          nicolae_qazlal_style_of_elements
D:5:      yredelemnul_forgotten_temple_becter, minmay_temple_entry_statues,
          grunt_ministairs_9
D:6:      lemuel_coloured_pillars_altar, basic_altar
D:7:      uniq_pikel, uniq_joseph
D:8:      grunt_livestock, grunt_ministairs_9, hangedman_incinerator
D:9:      kennysheep_mini, serial_glass, glass_columns_b, glass_columns_b,
          st_stairs_9
D:10:     due_lair_maze_entry_diamond, basic_altar, serial_shops,
          kennysheep_little_box, hangedman_misty_isle
D:11:     special_room, uniq_josephine
D:12:     erik_orc_2
D:13:     serial_shops, bzr_entry_lakeside, minmay_misc_feat_plants
D:14:     erik_vaults_2, minmay_misc_feat_rugged, serial_ice, serial_ice_d,
          serial_ice_h, serial_ice_j, serial_ice_m,
          portal_ice_cave_demonic_guard
D:15:     gammafunk_enter_depths_forms, corexii_hall_statues_u, uniq_louise
Lair:1:   basic_altar, lab_entry_generic
Lair:2:   regret_index_wax_grids, grunt_megastairs_5, infiniplex_staircase_pool,
          minmay_lair_oklob_chamber, lemuel_fruit_tree, uniq_nergalle,
          uniq_fannar
Lair:3:   beast_lair_carwin_large_3, minmay_shoals_entry_lonely_mermaid,
          spider_nest_entry_rubble
Lair:4:   grunt_megastairs_2
Lair:5:   beast_lair_carwin_9
Lair:6:   evil_forest, nicolae_slime_entry_slimehenge, basic_altar
Abyss:3:  evilmike_abyss_exit_smiterflies
Bazaar:   bazaar_general_marketplace
IceCv:    ice_cave_small_dragons

Table legend:
 A = Turns spent in this place as a percentage of turns spent in the entire game.
 B = Non-inter-level travel turns spent in this place as a percentage of non-inter-level travel turns spent in the entire game.
 C = Inter-level travel turns spent in this place as a percentage of turns spent in this place.
 D = Turns resting spent in this place as a percentage of non-inter-level travel turns spent in this place.
 E = Turns spent auto-exploring this place as a percentage of non-inter-level travel turns spent in this place.
 F = Non-inter-level travel turns spent in this place divided by the number of levels of this place that you've seen.
                   A       B       C       D       E      F
               +-------+-------+-------+-------+-------+----------------------
         Total | 100.0 | 100.0 |   3.7 |  42.9 |  37.7 | 1405.7
       Dungeon |  61.5 |  61.4 |   3.9 |  42.3 |  38.5 | 1381.1
          Lair |  33.9 |  33.9 |   3.8 |  45.5 |  39.8 | 1903.7
         Abyss |   1.9 |   1.9 |   0.0 |  23.0 |   2.3 | 653.0
        Bazaar |   0.3 |   0.3 |   0.0 |   0.0 |  11.4 | 105.0
      Ice Cave |   2.4 |   2.5 |   0.0 |  45.5 |  18.3 | 840.0
               +-------+-------+-------+-------+-------+----------------------

Table legend:
 A = Kills in this place as a percentage of kills in entire the game.
 B = Kills by you in this place as a percentage of kills by you in the entire game.
 C = Kills by friends in this place as a percentage of kills by friends in the entire game.
 D = Other kills in this place as a percentage of other kills in the entire game.
 E = Experience gained in this place as a percentage of experience gained in the entire game.
 F = Experience gained in this place divided by the number of levels of this place that you have seen.
                   A       B       C       D       E      F
               +-------+-------+-------+-------+-------+----------------------
         Total | 100.0 | 100.0 |   N/A | 100.0 | 100.0 | 5193.0
       Dungeon |  67.8 |  68.3 |   N/A |  30.0 |  52.3 | 4341.5
          Lair |  29.3 |  28.8 |   N/A |  70.0 |  43.1 | 8948.8
         Abyss |   0.4 |   0.4 |   N/A |   0.0 |   1.1 | 1322.0
      Ice Cave |   2.5 |   2.5 |   N/A |   0.0 |   3.6 | 4496.0
               +-------+-------+-------+-------+-------+----------------------
